 Dungeon Crawl Stone Soup version 0.29.1-15-g9cfb28693d (webtiles) character file.

Game seed: 2178268011132915565

38577 protoss039 the Fighter (level 13, -9/101 HPs)
             Began as a Demonspawn Earth Elementalist on Apr 1, 2023.
             Was a High Priest of Vehumet.
             Shot with a bolt by a yaktaur captain (13 damage)
             ... while paralysed by a great orb of eyes
             ... on level 15 of the Dungeon.
             The game lasted 00:53:36 (17215 turns).

protoss039 the Fighter (DsEE)                      Turns: 17215, Time: 00:53:37

Health: -9/101     AC: 21    Str: 10    XL:     13   Next: 64%
Magic:  6/26       EV:  2    Int: 21    God:    Vehumet [*****.]
Gold:   1056       SH:  0    Dex: 13    Spells: 13/30 levels left

rFire   x . .      SeeInvis +   d - +4 dagger
rCold   + . .      Faith    .   Z - +1 buckler {reflect}
rNeg    . . .      Spirit   .   M - +5 ring mail "Acem Yrch" {Will+ Regen+ SInv}
rPois   .          Reflect  +   y - +2 helmet
rElec   .          Harm     .   K - +1 cloak
rCorr   +          Rampage  .   (no gloves)
Will    +....                   o - +0 pair of boots
Stlth   +++.......              x - amulet of magic regeneration
HPRegen 1.06/turn               H - ring of resist corrosion
MPRegen 0.60/turn               e - ring of ice

@: paralysed
A: slimy green scales 2, powered by death 1, demonic magic 1, weakness stinger 2
a: Renounce Religion


You were on level 15 of the Dungeon.
You worshipped Vehumet.
Vehumet was extremely pleased with you.
You visited 2 branches of the dungeon, and saw 16 of its levels.
You visited 1 bazaar.
You also visited: Bailey and Ice Cave.

You collected 1509 gold pieces.
You spent 453 gold pieces at shops.

Inventory:

Hand Weapons
 a - the +9 lance "Wyrmbane" {slay drac, rPois rF+ rC+ AC+3}
   (You took it off Maggie on level 6 of the Dungeon)

   It inflicts extra damage against dragons and draconians.
   AC:        It affects your AC (+3).
   rF:        It protects you from fire.
   rC:        It protects you from cold.
   rPois:     It protects you from poison.
 d - a +4 dagger (weapon)
 n - a +1 dagger of venom
 p - the +7 whip of Descent {vorpal, Int+2 SInv}
   (You bought it in a shop in a bazaar)

   It inflicts extra damage upon your enemies.
   Int:       It affects your intelligence (+2).
   SInv:      It lets you see invisible.
 S - a +8 broad axe of flaming
Missiles
 P - 3 silver javelins
Armour
 o - a +0 pair of boots (worn)
 y - a +2 helmet (worn)
 B - a +2 robe of resistance
 E - +0 steam dragon scales
 K - a +1 cloak (worn)
 M - the +5 ring mail "Acem Yrch" (worn) {Will+ Regen+ SInv}
   (You found it on level 9 of the Dungeon)

   SInv:      It lets you see invisible.
   Regen:     It increases your rate of health regeneration.
   Will:      It increases your willpower.
 N - a +2 kite shield
 Z - a +1 buckler of reflection (worn)
Magical Staves
 J - a staff of air
Jewellery
 e - a ring of ice (right hand)
 v - a +6 ring of strength
 x - an amulet of magic regeneration (around neck)
 F - a +4 ring of protection
 H - a ring of resist corrosion (left hand)
 T - a ring of fire
 U - a ring of see invisible
 W - an amulet of the acrobat
Wands
 f - a wand of flame (18)
 i - a wand of iceblast (10)
 m - a wand of digging (5)
 V - a wand of charming (5)
Scrolls
 g - 2 scrolls of enchant armour
 j - a scroll of magic mapping
 r - 3 scrolls of poison
 t - 5 scrolls of immolation
 u - 5 scrolls of teleportation
 z - 3 scrolls of summoning
 C - 5 scrolls of amnesia
 D - 3 scrolls of blinking
 G - 2 scrolls of torment
 I - a scroll of butterflies {unknown}
 X - 2 scrolls of identify
Potions
 b - a potion of magic
 c - a potion of brilliance {unknown}
 h - 2 potions of haste {unknown}
 k - 4 potions of lignification {unknown}
 l - a potion of might
 q - 3 potions of flight
 s - 2 potions of invisibility {unknown}
 w - 3 potions of heal wounds
 A - 2 potions of attraction {unknown}
 L - 3 potions of berserk rage {unknown}
 O - 2 potions of mutation {unknown}
 Q - 2 potions of curing
 Y - a potion of resistance {unknown}
Miscellaneous
 R - a phantom mirror


   Skills:
 * Level 9.3 Fighting
 + Level 4.9 Polearms
 * Level 7.3 Armour
 - Level 6.0 Dodging
 + Level 8.3 Stealth
 * Level 5.4 Shields
 * Level 9.0 Spellcasting
 + Level 6.2 Conjurations
 - Level 3.0 Transmutations
 - Level 3.0 Air Magic
 + Level 7.6 Earth Magic
 - Level 3.0 Poison Magic
 - Level 6.0 Evocations


You had 13 spell levels left.
You knew the following spells:

 Your Spells              Type           Power      Damage    Failure   Level
a - Sandblast             Erth           82%        2d17      1%          1
b - Passwall              Tmut/Erth      25%        N/A       3%          2
c - Stone Arrow           Conj/Erth      76%        3d11      1%          3
d - Wereblood             Tmut           22%        N/A       9%          2
g - Mephitic Cloud        Conj/Pois/Air  26%        N/A       3%          3
j - Iron Shot             Conj/Erth      19%        9d4       41%         6

Your spell library contained the following spells:

 Spells                   Type           Power      Damage    Failure   Level
 Foxfire                  Conj/Fire      88%        2x1d8     1%          1
 Conjure Flame            Conj/Fire      22%        6-21      4%          3
 Freeze                   Ice            56%        1d7       5%          1
 Beastly Appendage        Tmut           44%        N/A       6%          1
 Iskenderun's Battlesphe  Conj           35%        2d9       12%         5
 Frozen Ramparts          Ice            28%        1d5       16%         3
 Inner Flame              Hex/Fire       9%         N/A       16%         3
 Flame Wave               Conj/Fire      22%        2d8       16%         4
 Hailstorm                Conj/Ice       33%        3d8       16%         4
 Spider Form              Tmut/Pois      22%        N/A       19%         3
 Petrify                  Tmut/Erth      31%        N/A       22%         4
 Fireball                 Conj/Fire      11%        3d7       36%         5
 Leda's Liquefaction      Hex/Erth       12%        N/A       38%         4
 Call Canine Familiar     Summ           9%         N/A       52%         3
 Portal Projectile        Hex/Tloc       18%        N/A       52%         3
 Conjure Ball Lightning   Conj/Air       14%        3x3d6     71%         6
 Orb of Destruction       Conj           17%        9d7       95%         7
 Discord                  Hex            4%         N/A       100%        8
 Disjunction              Tloc           4%         N/A       100%        8


Dungeon Overview and Level Annotations

Branches:
Dungeon (15/15) Zot: 26338  Temple (1/1) D:5 Zot: 5784    Lair (0/5) D:11
    Orc (0/2) D:12         Vaults (0/5) D:13         Bailey (visited)
  IceCv (visited)
 Depths: D:15

Altars:
Ashenzari
Cheibriados
Dithmenos
Fedhas
Gozag
Hepliaklqana
Kikubaaqudgha
Makhleb
Nemelex Xobeh
Okawaru
Qazlal
Ru
Sif Muna
Trog
Uskayaw
Vehumet
Wu Jian
Xom
Yredelemnul

Shops:
D:3 :   D:5 ?   D:10 [

Annotations:
D:6 2 transporters
D:8 exclusion: obsidian statue


Innate Abilities, Weirdness & Mutations

You are mostly covered in slimy green scales. (AC +3)
You regenerate a little health from kills.
Spells you cast may paralyse adjacent enemies.
You have a tail ending in a sharp stinger.


Message History

Malevolent energies surge around you.
The salamander suddenly stops moving!
You block the great orb of eyes's attack.
Unknown command.
Unknown command.
d - a +4 dagger (weapon)
The great orb of eyes gazes at you.
You suddenly lose the ability to move!
The great orb of eyes barely misses you.
Your surroundings suddenly seem different.
The centaur warrior wields a +0 shortbow.
The centaur warrior shoots an arrow.
The arrow hits you.
The centaur warrior hits you but does no damage.
The centaur warrior kicks you but does no damage.
The centaur warrior hits you but does no damage.
The centaur warrior kicks you but does no damage.
The four-headed hydra roars!
The centaur warrior wields a +0 shortbow.
The centaur warrior shoots an arrow.
The arrow hits you but does no damage.
The centaur warrior hits you but does no damage.
The centaur warrior kicks you but does no damage.
The deep troll bites you! The deep troll claws you.
The deep troll claws you but does no damage.
The eight-headed hydra roars!
The centaur warrior hits you but does no damage.
The centaur warrior kicks you.
The cyclops throws a large rock.
The large rock hits you!!
* * * LOW HITPOINT WARNING * * *
The centaur warrior completely misses you.
The centaur warrior kicks you but does no damage.
The deep troll bites you!
* * * LOW HITPOINT WARNING * * *
The deep troll claws you but does no damage. x2
The great orb of eyes bites you.
* * * LOW HITPOINT WARNING * * *
The great orb of eyes pulsates ominously.
The great orb of eyes completely misses you.
The yaktaur captain unwields a +0 rapier.
The yaktaur captain wields a +0 arbalest.
The yaktaur captain shoots a bolt.
The bolt hits you!
You die...

.##...##....##.............#.....
......+....................#.....
......#.....##...#+###....##.....
.##...##....##............##.....
###...##....'..##########........
............#..#<.$.$.$<#..#...##
......##..####.#.$.$.$.$#.##'####
.##...##..####.#c.B)!}$.#.##....#
.##...##.......#@Tc}|..$#..#....#
.#.............#$Gc|D$H.#..#....#
.'.............#.c.?.?.$#..#....#
###'#########..#C..D....#..#...##
.##.##########.#<......<#.####.#
.........#.....##########.# #.##
.........#................# #..#
.........#................# ###..
....##..###.##.###'####..## #....


You could see a yaktaur captain, a boulder beetle, an eight-headed hydra, a
four-headed hydra, a great orb of eyes, 3 centaur warriors, a deep troll, a
manticore (wandering) and a cyclops.

Vanquished Creatures
  A white draconian (IceCv)
  Snorg (D:14)
  8 vault guards
  2 boulder beetles (D:11)
  A hydra (D:13)
  2 rakshasas (D:15)
  4 centaur warriors
  A two-headed ogre (D:14)
  A tengu warrior (D:13)
  Amaemon (D:8)
  Nergalle (D:11)
  An orange crystal statue (D:8)
  A necromancer (D:12)
  A deep elf zephyrmancer (Bailey)
  3 deep elf pyromancers
  An orc knight (Bailey)
  A manticore (D:13)
  8 ugly things (D:14)
  3 cyclopes
  A guardian serpent (shapeshifter) (D:13)
  2 ice statues (IceCv)
  2 unseen horrors
  An orange demon (D:8)
  Maggie (D:6)
  4 rime drakes (IceCv)
  2 komodo dragons (D:11)
  4 trolls
  Prince Ribbit (D:6)
  6 slime creatures
  4 centaur simulacra
  Sigmund (D:5)
  A vampire (D:12)
  2 water elementals
  3 wraiths
  A shadow (D:11)
  2 basilisks (D:14)
  A golden eye (shapeshifter) (D:14)
  3 yaks (D:15)
  Eustachio (D:6)
  6 vampire mosquitoes
  An acid dragon (D:14)
  3 water moccasins
  A sky beast (D:6)
  6 ice beasts
  17 orc warriors
  A black bear (D:7)
  2 ogres (D:12)
  2 phantoms
  8 centaurs
  8 kobold brigands
  5 gnoll sergeants
  A necrophage (D:6)
  A bullfrog (D:8)
  9 wights
  5 lindwurm simulacra (IceCv)
  11 killer bees
  3 howler monkeys
  3 gnoll boudas
  4 komodo dragon simulacra (IceCv)
  7 hounds
  Crazy Yiuf (D:7)
  A jelly (D:6)
  5 orc priests
  3 iguanas
  12 orc wizards
  2 yak simulacra (D:12)
  3 polar bear simulacra (D:12)
  3 wolf simulacra (D:12)
  5 acid dragon simulacra (IceCv)
  5 adders
  23 gnolls
  7 white imps
  3 ufetubi
  7 steam dragon simulacra (IceCv)
  5 worms
  A dart slug (D:1)
  46 orcs
  2 ball pythons
  7 bats
  12 endoplasms
  6 giant cockroaches
  7 goblins
  7 hobgoblins
  2 jackals (D:3)
  15 kobolds
  2 quokkas (D:2)
  2 frilled lizards
  5 rats
  3 river rat simulacra (D:12)
391 creatures vanquished.

Vanquished Creatures (others)
  30 plants (D:11)
30 creatures vanquished.

Grand Total: 421 creatures vanquished

Notes
Turn   | Place    | Note
-------+----------+-------------------------------------------
     0 | D:1      | protoss039 the Demonspawn Earth Elementalist began the
                  | quest for the Orb.
     0 | D:1      | Reached XP level 1. HP: 13/13 MP: 3/3
   528 | D:1      | Gained mutation: You regenerate a little health from kills.
                  | [demonic ancestry]
   528 | D:1      | Reached XP level 2. HP: 20/20 MP: 3/5
   605 | D:1      | Reached skill level 1 in Fighting
  1261 | D:1      | Learned a level 2 spell: Passwall
  1278 | D:2      | Found a blossoming altar of Fedhas.
  1298 | D:2      | Gained mutation: Spells you cast may paralyse adjacent
                  | enemies. [demonic ancestry]
  1298 | D:2      | Reached XP level 3. HP: 26/26 MP: 3/6
  1442 | D:2      | Reached skill level 1 in Transmutations
  2130 | D:2      | Found a faded altar of an unknown god.
  2201 | D:2      | Gained mutation: You are partially covered in slimy green
                  | scales. (AC +2) [demonic ancestry]
  2201 | D:2      | Reached XP level 4. HP: 32/32 MP: 7/7
  2650 | D:3      | Reached XP level 5. HP: 32/38 MP: 3/9
  2942 | D:3      | Reached skill level 1 in Armour
  2982 | D:3      | Found Haceol's Vocational Training.
  3730 | D:4      | Reached XP level 6. HP: 45/45 MP: 7/10
  4294 | D:5      | Entered Level 5 of the Dungeon
  4458 | D:5      | Found Lex Xupn's Magic Scroll Boutique.
  4518 | D:5      | Noticed a water moccasin
  4617 | D:5      | Reached XP level 7. HP: 51/51 MP: 10/12
  4836 | D:5      | Noticed Sigmund
  4847 | D:5      | Killed Sigmund
  5037 | D:5      | Found a staircase to the Ecumenical Temple.
  5205 | D:5      | Reached skill level 5 in Stealth
  5205 | D:5      | Reached XP level 8. HP: 58/58 MP: 11/13
  5220 | D:5      | Bought a scroll of amnesia for 56 gold pieces
  5220 | D:5      | Bought a scroll of identify for 28 gold pieces
  5220 | D:5      | Bought a scroll of identify for 28 gold pieces
  5220 | D:5      | Bought a scroll of blinking for 105 gold pieces
  5228 | D:5      | Bought a scroll of immolation for 56 gold pieces
  5325 | Temple   | Entered the Ecumenical Temple
  5526 | Temple   | Became a worshipper of Vehumet
  5540 | D:5      | Learned a level 3 spell: Stone Arrow
  5594 | D:6      | Found a transporter.
  5760 | D:6      | Found a transporter.
  5910 | D:6      | Reached skill level 1 in Conjurations
  5910 | D:6      | Reached skill level 1 in Evocations
  6062 | D:6      | Noticed Maggie
  6134 | D:6      | Killed Maggie
  6135 | D:6      | Reached skill level 5 in Earth Magic
  6612 | D:6      | Noticed Prince Ribbit
  6622 | D:6      | Killed Prince Ribbit
  6623 | D:6      | Reached XP level 9. HP: 64/66 MP: 7/15
  6787 | D:6      | Noticed Eustachio
  6791 | D:6      | Killed Eustachio
  7014 | D:7      | Found a shadowy altar of Dithmenos.
  7014 | D:7      | Found a stormy altar of Qazlal.
  7021 | D:7      | Found a broken altar of Ashenzari.
  7022 | D:7      | Found a faded altar of an unknown god.
  7059 | D:7      | Learned a level 2 spell: Wereblood
  7144 | D:7      | Found a flagged portal.
  7193 | Bailey   | Entered a bailey
  7233 | Bailey   | Reached * piety under Vehumet
  7233 | Bailey   | Offered knowledge of Magic Dart by Vehumet.
  7485 | Bailey   | Found a large runed translucent door.
  7485 | Bailey   | Found a large runed translucent door.
  7486 | Bailey   | Noticed a deep elf zephyrmancer
  7486 | Bailey   | Noticed an orc knight
  7505 | Bailey   | Killed an orc knight
  7506 | Bailey   | Reached skill level 5 in Fighting
  7506 | Bailey   | Reached skill level 5 in Spellcasting
  7514 | Bailey   | Reached skill level 1 in Polearms
  7634 | Bailey   | Killed a deep elf zephyrmancer
  7919 | D:7      | Found a runed translucent door.
  7920 | D:7      | Noticed Crazy Yiuf
  7967 | D:7      | Gained mutation: You are mostly covered in slimy green
                  | scales. (AC +3) [demonic ancestry]
  7967 | D:7      | Reached XP level 10. HP: 73/76 MP: 12/18
  8151 | D:7      | Killed Crazy Yiuf
  8275 | D:8      | Noticed an orange demon
  8276 | D:8      | Noticed Amaemon
  8288 | D:8      | Killed Amaemon
  8289 | D:8      | Killed an orange demon
  8460 | D:8      | Noticed an obsidian statue
  8464 | D:8      | Noticed an orange demon
  8646 | D:8      | Offered knowledge of Searing Ray by Vehumet.
  8648 | D:8      | Reached ** piety under Vehumet
  8965 | D:8      | Noticed an orange crystal statue
  8988 | D:8      | Killed an orange crystal statue
  9609 | D:9      | Identified the +5 ring mail "Acem Yrch" {Will+ Regen+ SInv}
  9654 | D:9      | Noticed a deep elf pyromancer
  9672 | D:9      | Killed a deep elf pyromancer
  9839 | D:9      | Offered knowledge of Mephitic Cloud by Vehumet.
  9852 | D:9      | Learned a level 3 spell: Mephitic Cloud
 10266 | D:10     | Entered Level 10 of the Dungeon
 10295 | D:10     | Found Imasegav's Antique Armour Shoppe.
 10335 | D:10     | Reached *** piety under Vehumet
 10336 | D:10     | Gained mutation: You have a small tail. [demonic ancestry]
 10336 | D:10     | Reached XP level 11. HP: 82/83 MP: 8/21
 10468 | D:10     | Reached skill level 1 in Poison Magic
 10702 | D:10     | Reached skill level 1 in Air Magic
 11355 | D:11     | Noticed a boulder beetle
 11356 | D:11     | Noticed a boulder beetle
 11409 | D:11     | Killed a boulder beetle
 11613 | D:11     | Reached skill level 1 in Shields
 11617 | D:11     | Offered knowledge of Airstrike by Vehumet.
 11644 | D:11     | Found a staircase to the Lair.
 11700 | D:11     | Noticed Nergalle
 11703 | D:11     | Reached skill level 5 in Armour
 11716 | D:11     | Killed Nergalle
 12150 | D:11     | Killed a boulder beetle
 12281 | D:12     | Noticed a necromancer
 12292 | D:12     | Killed a necromancer
 12628 | D:12     | Found a staircase to the Orcish Mines.
 12660 | D:12     | Reached **** piety under Vehumet
 12661 | D:12     | Reached skill level 5 in Conjurations
 12665 | D:12     | Offered knowledge of Lightning Bolt by Vehumet.
 12991 | D:13     | Reached skill level 5 in Evocations
 13018 | D:13     | Noticed a six-headed hydra
 13026 | D:13     | Killed a six-headed hydra
 13027 | D:13     | Gained mutation: You have a tail ending in a sharp stinger.
                  | [demonic ancestry]
 13027 | D:13     | Reached XP level 12. HP: 92/92 MP: 16/23
 13164 | D:13     | Noticed a centaur warrior
 13175 | D:13     | Killed a centaur warrior
 13231 | D:13     | Noticed a vault guard
 13231 | D:13     | Noticed a vault guard
 13231 | D:13     | Noticed a vault guard
 13282 | D:13     | Noticed a vault guard
 13315 | D:13     | Killed a vault guard
 13325 | D:13     | Killed a vault guard
 13398 | D:13     | Noticed a centaur warrior
 13407 | D:13     | Killed a centaur warrior
 13479 | D:13     | Found a frozen archway.
 13501 | D:12     | Killed a vault guard
 13556 | IceCv    | Entered an ice cave
 13905 | IceCv    | Noticed a white draconian
 13921 | IceCv    | Reached ***** piety under Vehumet
 13921 | IceCv    | Offered knowledge of Iron Shot by Vehumet.
 13924 | IceCv    | Killed a white draconian
 13925 | IceCv    | Reached skill level 5 in Dodging
 14221 | D:13     | Learned a level 6 spell: Iron Shot
 14558 | D:13     | Noticed a vault guard
 14562 | D:13     | Noticed a vault guard
 14601 | D:13     | Noticed a vault guard
 14623 | D:13     | Killed a vault guard
 14637 | D:13     | Noticed a vault guard
 14849 | D:13     | Killed a vault guard
 15045 | D:13     | Killed a vault guard
 15146 | D:13     | Noticed a tengu warrior
 15203 | D:13     | Killed a tengu warrior
 15204 | D:13     | Reached XP level 13. HP: 86/99 MP: 16/25
 15375 | D:13     | Found a gate to the Vaults.
 15698 | D:14     | Noticed Snorg
 15737 | D:14     | Found a flickering gateway to a bazaar.
 15750 | Bazaar   | Entered a bazaar
 15754 | Bazaar   | Found Jotrea's Jewellery Boutique.
 15776 | Bazaar   | Found Rogahaig's Book Emporium.
 15797 | Bazaar   | Found Vuos's Book Boutique.
 15817 | Bazaar   | Found Rohih's Antique Weapon Shoppe.
 15823 | Bazaar   | Bought a fine whip for 180 gold pieces
 15823 | Bazaar   | Identified the +7 whip of Descent {vorpal, Int+2 SInv} (You
                  | bought it in a shop in a bazaar)
 16090 | D:14     | Found a broken altar of Ashenzari.
 16218 | D:14     | Reached skill level 5 in Shields
 16523 | D:14     | Killed Snorg
 16563 | D:15     | Entered Level 15 of the Dungeon
 16620 | D:15     | Identified the +7 war axe "Goblinslayer" {drain, Fragile
                  | rPois Will- Dex+7}
 17210 | D:15     | Paralysed by a great orb of eyes for 5 turns
 17214 | D:15     | HP: 3/101 [great orb of eyes (3)]
 17215 | D:15     | Shot with a bolt by a yaktaur captain

Illustrated notes

Levels and vault maps discovered:
D:1:      wheals_arrival_shading, layout_loops_ring, serial_forest,
          infiniplex_forest_clump_long, infiniplex_forest_end_double,
          infiniplex_forest_straight_4, infiniplex_forest_lined_2,
          infiniplex_forest_straight_5, infiniplex_forest_clump_double,
          infiniplex_forest_end_3, infiniplex_forest_clump_cross,
          infiniplex_forest_end_2
D:2:      layout_loops_corners, basic_altar, nicolae_ecumenical_lake_church
D:3:      layout_rooms, nicolae_shop_vocational
D:4:      layout_basic
D:5:      layout_cave_pools, kennysheep_little_box,
          minmay_temple_entry_glassed_door, nrook_campfire,
          nicolae_inconvenience_store, uniq_sigmund
D:6:      gammafunk_steamed_eel, layout_basic, uniq_eustachio,
          uniq_prince_ribbit1, uniq_maggie
D:7:      layout_basic, chequers_temple_overflow_minitemple, enter_bailey_5,
          uniq_crazy_yiuf_cottage
D:8:      minmay_separated_statues, layout_basic, blue_anna_alchemist,
          uniq_amaemon
D:9:      layout_cave_pools
D:10:     layout_stronghold, serial_shops, nicolae_shop_overgrown_old_shop
D:11:     layout_loops_ring, david_lair_shrubbed, uniq_nergalle
D:12:     layout_irregular_city, kennysheep_orc_monster_closet_entryway,
          serial_column_ruins, column_ruins_hut_water, column_ruins_open_large,
          column_ruins_corridor_dead_end, column_ruins_grid_2,
          column_ruins_columns_straight, column_ruins_open_small_water,
          column_ruins_grid_3, eino_house_with_fridge
D:13:     layout_loops_corners, erik_vaults_2, portal_ice_cave_entry_pillars_1,
          eino_tiny_chamber
D:14:     layout_roguey, serial_shops, bzr_entry_islet,
          cheibrodos_ashenzari_chains, dreamdust_wishing_well,
          serial_park_tiny_pond, uniq_snorg
D:15:     gammafunk_enter_depths_forms, layout_gridville, serial_ice,
          serial_ice_k, serial_ice_b, serial_ice_f, serial_ice_o, serial_ice_a,
          serial_ice_h, minmay_stone_trees_small, minivault_12
Temple:   nicolae_temple_bog_church

Skill      XL: |  1  2  3  4  5  6  7  8  9 10 11 12 13 |
---------------+----------------------------------------+-----
Fighting       | 1 2 3 4 5 6 7 8 9 |  9.3
Earth Magic    | 3 4 5 6 7 |  7.6
Transmutations | 1 3 |  3.0
Stealth        | 2 3 5 6 7 8 |  8.3
Dodging        | 2 3 4 5 6 |  6.0
Armour         | 1 2 3 4 5 6 7 |  7.3
Spellcasting   | 3 4 5 6 7 8 9 |  9.0
Conjurations   | 2 3 4 5 6 |  6.2
Evocations     | 2 3 4 5 6 |  6.0
Polearms       | 1 2 3 4 |  4.9
Poison Magic   | 3 |  3.0
Air Magic      | 3 |  3.0
Shields        | 2 4 5 |  5.4

Action                   |  1- 3 |  4- 6 |  7- 9 | 10-12 | 13-15 || total
-------------------------+-------+-------+-------+-------+-------++-------
Melee: Unarmed           |     7 |       |       |       |       ||     7
       Dagger            |     5 |    64 |    39 |    79 |    24 ||   211
       Punch             |       |       |     2 |     2 |       ||     4
       Lance             |       |       |    42 |   216 |    13 ||   271
       Tailslap          |       |       |       |    35 |     6 ||    41
       Broad axe         |       |       |       |       |     2 ||     2
 Cast: Sandblast         |    52 |    74 |    86 |    79 |    38 ||   329
       Stone Arrow       |       |       |    35 |   296 |    99 ||   430
       Mephitic Cloud    |       |       |       |    26 |     3 ||    29
       Passwall          |       |       |       |     4 |     2 ||     6
Evoke: Wand              |       |       |     9 |     5 |       ||    14
  Use: Scroll            |       |       |    12 |    14 |     2 ||    28
       Potion            |       |       |     3 |     1 |     1 ||     5
 Stab: Paralysed         |       |    11 |    13 |    79 |    22 ||   125
       Sleeping          |       |     2 |     5 |     6 |     1 ||    14
       Distracted        |       |       |       |     1 |       ||     1
       Confused          |       |       |       |     5 |       ||     5
Armor: Robe              |     1 |       |    37 |    95 |       ||   133
       Leather armour    |     3 |    44 |     9 |       |       ||    56
       Ring mail         |       |       |       |   112 |    48 ||   160
Dodge: Dodged            |     7 |    61 |    84 |   230 |    27 ||   409
Block: Kite shield       |       |       |       |   122 |    25 ||   147
       Buckler           |       |       |       |       |     6 ||     6
